Map: Pillars of Gold LE

Players

prospeKt - Winner!

  • Race: Zerg Zerg
  • League: Platinum
  • Spawn Location: 1:00

Shadow

  • Race: Protoss Protoss
  • League: Diamond
  • Spawn Location: 7:00

VOD

Have the link to the VOD?

Description

Time

  • Played on: June 12, 2020, 12:53 p.m.
  • Length: 16:47
Show
View Real Time Build Order
Export as new Build Order

prospeKt Zerg - Winner!

Build Orders: Hatch First 

Get SALT Encoding   

  12  0:01  Drone  
  13  0:12  Overlord  
  13  0:19  Drone  
  14  0:30  Drone x2  
  16  0:36  Drone  
  17  0:53  Hatchery  
  16  0:57  Drone  
  16  1:02  Drone  
  18  1:15  Spawning Pool  
  17  1:18  Drone  
  17  1:21  Drone  
  19  1:29  Drone  
  20  1:42  Extractor  
  20  1:43  Drone  
  21  1:55  Drone  
  21  1:57  Extractor  
  21  1:59  Hatchery  
  21  2:11  Overlord  
  21  2:15  Queen  
  22  2:31  Zergling x2  
  23  2:45  Zergling x2  
  23  2:50  Roach Warren  
  23  3:06  Drone  
  23  3:07  Drone x2  
  23  3:12  Queen, Drone  
  29  3:20  Drone  
  28  3:33  Roach  
  28  3:34  Roach x2  
  33  3:44  Overlord, Roach  
  33  3:45  Overlord  
  35  3:58  Queen  
  35  4:08  Roach x5  
  44  4:16  Roach  
  38  4:32  Drone x6  
  44  4:43  Drone x2  
  44  4:52  Drone  
  45  4:56  Drone  
  42  5:03  Roach x5  
  52  5:16  Hatchery  
  51  5:26  Lair  
  51  5:36  Overlord  
  51  5:42  Drone  
  52  5:53  Queen  
  54  5:57  Drone x6  
  54  6:01  Overlord  
  54  6:02  Overlord  
  60  6:20  Overlord  
  60  6:21  Drone x4  
  64  6:36  Roach x4  
  72  6:42  Hydralisk Den  
  72  6:43  Drone x5  
  76  7:03  Drone x5  
  76  7:06  Extractor  
  76  7:08  Extractor  
  79  7:09  Extractor  
  79  7:10  Overseer  
  79  7:12  Overseer  
  79  7:14  Extractor  
  77  7:20  Hydralisk x4  
  85  7:23  Drone  
  85  7:24  Drone x4  
  90  7:32  Overlord x2  
  90  7:45  Overlord x4  
  90  7:47  Grooved Spines  
  90  7:48  Glial Reconstitution  
  90  7:51  Drone  
  90  7:52  Drone x3  
  94  8:07  Hydralisk x4  
  94  8:09  Drone x4  
  106  8:21  Overseer  
  106  8:23  Overlord x3  
  106  8:31  Hatchery  
  106  8:32  Hydralisk x4  
  113  8:38  Hydralisk  
  113  8:40  Roach  
  87  8:50  Hydralisk x2  
  85  8:57  Hydralisk  
  85  9:04  Roach  
  85  9:05  Roach  
  81  9:24  Roach x4  
  83  9:31  Spine Crawler  
  80  9:33  Spine Crawler  
  80  9:36  Roach x2  
  77  9:38  Spine Crawler  
  77  9:44  Roach x4  
  80  9:51  Roach  
  76  9:53  Roach  
  76  9:55  Drone  
  76  9:58  Roach  
  79  10:04  Roach x2  
  75  10:11  Roach x3  
  75  10:12  Roach  
  77  10:21  Drone  
  77  10:22  Drone x2  
  80  10:33  Drone x2  
  80  10:34  Drone  
  83  10:37  Queen  
  83  10:38  Queen  
  87  10:48  Roach  
  87  10:49  Roach x5  
  99  11:06  Hatchery, Roach x5  
  108  11:16  Muscular Augments, Extractor x2  
  106  11:26  Hydralisk x10  
  126  11:41  Drone x4  
  116  12:08  Drone x4  
  104  12:16  Hatchery  
  104  12:19  Drone x7  
  110  12:26  Hatchery  
  109  12:31  Hydralisk x4  
  117  12:50  Extractor  
  116  13:00  Infestation Pit  
  116  13:03  Lurker Den  
  114  13:06  Evolution Chamber, Drone x2  
  114  13:07  Evolution Chamber, Drone x2  
  116  13:12  Hydralisk  
  116  13:13  Hydralisk x2  
  116  13:14  Overlord x5  
  116  13:15  Spine Crawler  
  116  13:18  Spine Crawler  
  120  13:31  Hydralisk  
  120  13:32  Hydralisk x5  
  132  13:34  Drone  
  132  13:35  Drone x2  
  135  13:48  Drone  
  135  13:49  Drone x7  
  143  13:56  Zerg Missile Weapons Level 1, Zerg Ground Armor Level 1  
  143  13:59  Hive  
  143  14:00  Hydralisk  
  145  14:19  Overseer x2  
  145  14:20  Overseer  
  145  14:23  Hydralisk x2  
  145  14:24  Hydralisk x6  
  147  14:25  Overlord  
  161  14:39  Hydralisk  
  161  14:40  Hydralisk x5  
  173  14:56  Hydralisk  
  173  14:57  Hydralisk x3  
  173  14:58  Overlord x5  
  181  15:05  Lurker  
  182  15:16  Lurker x8  
  182  15:17  Lurker  
  191  15:34  Hydralisk  
  191  15:35  Hydralisk x6  
  145  15:48  Hydralisk x5  
  134  16:00  Drone x12  
  134  16:01  Drone x4  
  146  16:06  Hydralisk x5  
  154  16:21  Hydralisk x5  
Show
View Real Time Build Order
Export as new Build Order

Shadow Protoss 

Build Orders:  

Get SALT Encoding   

  1  0:00  Probe  
  12  0:05  Probe  
  14  0:15  Probe  
  15  0:27  Pylon  
  15  0:45  Probe  
  15  0:47  Gateway  
  16  0:57  Probe  
  16  1:01  Forge  
  17  1:07  Assimilator  
  17  1:09  Probe  
  18  1:18  Pylon  
  18  1:21  Probe  
  19  1:33  Pylon  
  19  1:37  Photon Cannon  
  19  2:03  Cybernetics Core  
  19  2:10  Photon Cannon  
  19  2:14  Probe  
  20  2:26  Probe  
  20  2:28  Pylon  
  21  2:30  Warp Gate, Photon Cannon  
  21  2:39  Probe  
  22  2:45  Assimilator  
  22  2:46  Adept  
  24  2:52  Photon Cannon  
  24  2:58  Photon Cannon  
  23  3:34  Probe  
  24  3:43  Pylon  
  24  3:46  Probe  
  25  3:49  Stalker  
  25  3:51  Nexus  
  25  4:20  Probe  
  26  4:26  Gateway  
  26  4:29  Robotics Facility  
  26  4:32  Photon Cannon  
  26  4:35  Gateway  
  25  5:03  Probe x2  
  27  5:08  Immortal  
  27  5:11  Probe x2  
  33  5:23  Stalker x2, Probe  
  33  5:28  Probe  
  38  5:32  Probe  
  39  5:36  Probe  
  39  5:40  Probe  
  41  5:44  Probe  
  43  5:50  Probe  
  43  5:55  Stalker  
  46  6:09  Pylon  
  46  6:19  Pylon  
  46  6:23  Immortal  
  46  6:24  Gateway  
  46  6:27  Probe x2  
  52  6:42  Sentry  
  52  6:44  Stalker x2  
  58  6:48  Probe x2  
  60  6:58  Robotics Facility  
  60  7:00  Pylon  
  60  7:04  Pylon  
  60  7:08  Immortal  
  60  7:09  Stalker  
  62  7:20  Stalker x2  
  70  7:23  Stalker  
  70  7:29  Pylon  
  72  7:44  Twilight Council  
  72  7:45  Protoss Ground Weapons Level 1  
  72  7:47  Forge  
  72  7:59  Stalker x4  
  80  8:23  Stalker x3  
  76  8:43  Stalker  
  62  9:24  Stalker x3  
  64  9:25  Stalker  
  64  9:28  Immortal  
  72  9:33  Gateway  
  72  9:35  Gateway  
  72  9:38  Gateway  
  68  9:39  Pylon  
  68  9:41  Pylon  
  68  9:43  Pylon  
  54  10:18  Stalker x2  
  54  10:19  Stalker x2  
  58  10:31  Immortal  
  58  10:35  Assimilator  
  60  10:37  Charge  
  60  10:39  Assimilator  
  60  10:48  Probe x2  
  62  10:52  Pylon  
  62  10:53  Zealot x4  
  62  10:54  Nexus, Zealot x3  
  62  10:56  Pylon  
  76  11:00  Probe x2  
  78  11:12  Probe x2  
  78  11:18  Protoss Ground Armor Level 1  
  80  11:24  Zealot x4  
  80  11:25  Zealot x3  
  94  11:32  Immortal  
  72  12:11  Stalker x4  
  72  12:12  Stalker x3  
  70  12:21  Probe  
  70  12:22  Probe x2  
  65  12:34  Probe x3  
  65  12:36  Stalker x2  
  72  12:37  Stalker x2  
  76  12:49  Protoss Ground Weapons Level 2  
  76  12:53  Blink  
  76  12:56  Robotics Bay  
  76  13:06  Zealot x4  
  76  13:07  Zealot  
  86  13:24  Zealot x2  
  86  13:25  Zealot x3  
  96  13:30  Stalker  
  96  13:31  Stalker  
  100  13:39  Sentry x4  
  100  13:41  Zealot  
  110  13:50  Pylon  
  110  13:53  Pylon, Colossus  
  110  13:55  Pylon  
  110  14:00  Assimilator  
  110  14:01  Colossus  
  110  14:05  Assimilator  
  122  14:32  Stalker x2, Extended Thermal Lance  
  126  14:58  Stalker x3  
  126  14:59  Stalker  
  134  15:00  Zealot  
  134  15:01  Zealot x2  
  54  16:12  Zealot x3  
  54  16:13  Zealot x4  
  64  16:23  Gateway  
  64  16:26  Gateway  
  64  16:27  Gateway  
Tags
 
Add a new tag
Caveats
  • Supply blocks, unpowered buildings, or Contaminate may cause inaccurate times.
  • Supply counts are checked every 10 seconds.